 Dungeon Crawl Stone Soup version 0.31.0-4-g52a2dc7128 (webtiles) character file.

Game seed: 12872168333326301778

116 voltaire321 the Sneak (level 5, -1/33 HPs)
             Began as an Octopode Earth Elementalist on Jan 22, 2024.
             Killed from afar by an orc wizard (8 damage)
             ... with a magic dart
             ... on level 3 of the Dungeon.
             The game lasted 00:08:20 (3049 turns).

voltaire321 the Sneak (Octopode Earth Elementalist) Turns: 3049, Time: 00:08:21

Health: -1/33      AC:  1    Str: 14    XL:     5   Next: 1%
Magic:  4/8        EV: 13    Int: 19    God:
Gold:   116        SH:  0    Dex: 12    Spells: 8/9 levels left

rFire   . . .        f - +0 dagger
rCold   . . .        (no shield)
rNeg    + . .        (helmet restricted)
rPois   .            (no amulet)
rElec   .            m - ring of positive energy
rCorr   .            p - +6 ring of strength
SInv    .            (no ring)
Will    .....        (no ring)
Stlth   +++          (no ring)
HPRegen 0.25/turn    (no ring)
MPRegen 0.11/turn    (no ring)
                     (no ring)

%: no passive effects
@: no status effects
A: almost no armour, amphibious, 8 rings, camouflage 1, gelatinous body 1,
(nimble swimmer 1), tentacles
a: no special abilities


You were on level 3 of the Dungeon.
You visited 1 branch of the dungeon, and saw 4 of its levels.

You collected 116 gold pieces.

Inventory:

Hand Weapons
 f - a +0 dagger (weapon)
Jewellery
 m - a ring of positive energy (left tentacle)
 p - a +6 ring of strength (right tentacle)
Wands
 o - a wand of iceblast (6)
Scrolls
 b - 2 scrolls of vulnerability {unknown}
 d - 2 scrolls of identify {unknown}
 g - a scroll of teleportation {unknown}
 l - a scroll of fog {unknown}
 r - a scroll of enchant weapon {unknown}
Potions
 a - a potion of magic
 c - a potion of invisibility {unknown}
 e - a potion of heal wounds {unknown}
 h - a potion of berserk rage {unknown}
 i - a potion of enlightenment {unknown}
 j - a potion of cancellation {unknown}
 k - a potion of attraction {unknown}
 n - 2 potions of might {unknown}
 q - a potion of curing {unknown}
 s - 2 potions of brilliance {unknown}


   Skills:
 + Level 1.5 Fighting
 + Level 2.5 Dodging
 + Level 3.8 Stealth
 + Level 2.6 Spellcasting
 + Level 1.8 Conjurations
 + Level 3.6 Earth Magic


You had 8 spell levels left.
You knew the following spells:

 Your Spells              Type           Power      Damage    Failure   Level
a - Sandblast             Erth           32%        2d9       3%          1

Your spell library contained the following spells:

 Spells                   Type           Power      Damage    Failure   Level
 Shock                    Conj/Air       24%        1d4       11%         1
 Passwall                 Erth           16%        N/A       11%         3
 Stone Arrow              Conj/Erth      24%        3d8       16%         3
 Call Canine Familiar     Summ           2%         N/A       43%         3
 Gell's Gravitas          Tloc           2%         N/A       43%         3
 Sigil of Binding         Hex            2%         N/A       43%         3
 Summon Ice Beast         Ice/Summ       2%         N/A       43%         3
 Swiftness                Air            2%         N/A       43%         3
 Teleport Other           Tloc           2%         N/A       43%         3
 Brom's Barrelling Bould  Conj/Erth      12%        2d4       45%         4
 Petrify                  Alch/Erth      9%         N/A       58%         4
 Airstrike                Air            1%         2d(1-17)  85%         4
 Dimensional Bullseye     Hex/Tloc       1%         N/A       85%         4
 Summon Mana Viper        Hex/Summ       2%         N/A       99%         5
 Dispersal                Tloc           1%         N/A       100%        6
 Monstrous Menagerie      Summ           1%         N/A       100%        7


Dungeon Overview and Level Annotations

Branches:
Dungeon (4/15)
 Temple: D:4-7

Altars:
Ashenzari
Trog


Innate Abilities, Weirdness & Mutations

You cannot wear most types of armour.
You are amphibious.
You can wear up to eight rings at the same time.
Your skin changes colour to match your surroundings (Stealth+).
Your rubbery body absorbs attacks. (AC +1, EV +1)
((You are camouflaged when in or above water. (Stealth+)))
You have tentacles for arms and can constrict up to eight enemies at once.


Message History

Aiming: Sandblast (safe; 3% risk of failure)
Press: ? - help, Q - select action, (/) - cycle Shift-Dir - straight line, f - orc
Aim: an orc, wielding a +0 flail and wearing a +0 chain mail (87% to hit)
The blast of sand hits the orc but does no damage.
You hit the orc but do no damage. Your grab misses the orc.
You hear some strange, mumbled words.
Something tries to affect you, but you resist.
The orc barely misses you. Something hits you but does no damage.
The orc hits you with a +0 whip. The orc barely misses you.
You climb upwards.
Reactivating autopickup.
There is a stone staircase leading down here.
You closely miss the orc. You grab the orc. You squeeze the orc.
The orc is lightly wounded.
You constrict the orc, but do no damage.
The orc barely misses you. The orc hits you with a +0 flail.
Something hits you.
Deactivating autopickup; reactivate with Ctrl-A.
You hit the orc. You grab the orc.
The orc is severely wounded.
You constrict the orc. x2; The orc barely misses you.
The orc closely misses you.
You hear some strange, mumbled words.
A puff of flame appears from out of thin air!
The puff of flame hits you!
Aiming: Sandblast (safe; 3% risk of failure)
Press: ? - help, Q - select action, (/) - cycle Shift-Dir - straight line, f - orc
Aim: an orc, wielding a +0 flail and wearing a +0 chain mail (heavily wounded, constricted by you, 100% to hit)
The blast of sand hits the orc but does no damage.
The orc is heavily wounded.
You constrict the orc, but do no damage.
You constrict the orc.
You kill the orc!
The orc hits you with a +0 flail.
* * * LOW HITPOINT WARNING * * *
You hear some strange, mumbled words.
A magic dart appears from out of thin air!
The magic dart hits you!
You die...

#....# ############# #....#
#......#....# #<...#
#...(..#....# ###########....#
#......#....# #........##....#
##...........# #........##....#
##............#
#........##....###.............#
#...........#.##...........##.##
#........#....o@{.##.......#..##
#####.###..##.)...............).
#.###.###........#####.#.###
#..........^....######.#.#
#....<.................#.#
#...............#####..#.#
#...............# ##.#.#
#...............# #...###
#...............#### #.....#


You could see an orc.

Vanquished Creatures
  2 adders
  2 dart slugs (D:2)
  3 orcs (D:3)
  7 endoplasms
  4 giant cockroaches
  8 goblins
  14 hobgoblins
  5 jackals
  6 kobolds
  3 quokkas
  11 ball pythons
  7 bats
  3 frilled lizards
  2 frilled lizard zombies (D:4)
  7 rats
84 creatures vanquished.

Notes
Turn   | Place    | Note
-------+----------+-------------------------------------------
     0 | D:1      | voltaire321 the Octopode Earth Elementalist began the quest
                  | for the Orb.
     0 | D:1      | Reached XP level 1. HP: 11/11 MP: 3/3
   111 | D:1      | Reached XP level 2. HP: 18/18 MP: 0/5
   715 | D:1      | Reached XP level 3. HP: 22/22 MP: 2/6
   964 | D:1      | Reached skill level 1 in Fighting
  1604 | D:2      | Reached XP level 4. HP: 21/28 MP: 1/7
  2053 | D:2      | You fall into a shaft and drop 1 floor!
  2059 | D:3      | Found a broken altar of Ashenzari.
  2060 | D:3      | Found a bloodstained altar of Trog.
  2706 | D:2      | Reached XP level 5. HP: 33/33 MP: 5/8
  3049 | D:3      | Killed from afar by an orc wizard

Illustrated notes

Levels and vault maps discovered:
D:1:      scummos_arrival_hexagon, layout_basic, chequers_serial_rivers_small_a
D:2:      minmay_recursive_quarters, layout_loops_ring,
          chequers_serial_rivers_large_a
D:3:      layout_rooms, nicolae_overflow_squiral
D:4:      layout_gridville, gammafunk_temple_overflow_wave, chei_slow_surprise,
          beargit_hepliaklqana_dungeon_heroes,
          lemuel_zombie_altar_kikubaaqudgha, minmay_temple_entry_slanted

Skill      XL: |  1  2  3 |
---------------+----------+-----
Stealth        | 3 |  3.8
Fighting       | 1 |  1.5
Dodging        | |  2.5
Spellcasting   | |  2.6
Conjurations   | |  1.8
Earth Magic    | |  3.6

Action                     |  1- 3 |  4- 6 || total
---------------------------+-------+-------++-------
  Melee: Unarmed           |     2 |       ||     2
         Tentacles         |     2 |     3 ||     5
         Constrict         |     2 |     3 ||     5
         Dagger            |     4 |     7 ||    11
   Cast: Sandblast         |    63 |    51 ||   114
   Stab: Sleeping          |       |     1 ||     1
 Armour: Skin              |     9 |    11 ||    20
  Dodge: Dodged            |    10 |    16 ||    26
